 Dungeon Crawl Stone Soup version 0.20.1-1-g8b1a95d (webtiles) character file.

564 groucho the Vandal (level 7, -1/47 HPs)
             Began as a Halfling Hunter on Dec 9, 2017.
             Slain by an ice devil (9 damage)
             ... summoned by a kobold demonologist
             ... on level 3 of the Dungeon.
             The game lasted 00:12:01 (4241 turns).

groucho the Vandal (Halfling Hunter)                Turns: 4241, Time: 00:12:02

Health: -1/47      AC:  3    Str: 15    XL:     7   Next: 58%
Magic:  7/7        EV: 16    Int:  9    God:
Gold:   108        SH:  0    Dex: 15    Spells: 6/6 levels left

rFire    . . .     SeeInvis .   a - +1 hunting sling
rCold    . . .     Gourm    .   (shield restricted)
rNeg     . . .     Faith    .   c - +0 leather armour
rPois    .         Spirit   .   (no helmet)
rElec    .         Reflect  .   i - -2 cloak (curse)
rCorr    .         Harm     .   (no gloves)
MR       .....                  u - +0 pair of boots
Stlth    +.........             (no amulet)
Regen    0.2/turn               (no ring)
MPRegen  0.1/turn               (no ring)

@: confused
A: mutation resistance 1
a: no special abilities


You were on level 3 of the Dungeon.
You were hungry.

You visited 1 branch of the dungeon, and saw 3 of its levels.

You collected 108 gold pieces.

Inventory:

Hand Weapons
 a - a +1 hunting sling (weapon)
 l - a +1 short sword of venom
Missiles
 d - 16 sling bullets
 e - 115 stones (quivered)
Armour
 c - a +0 leather armour (worn)
 i - a cursed -2 cloak (worn)
 k - a +0 cloak
 u - a +0 pair of boots (worn)
Jewellery
 m - an uncursed ring of poison resistance
 w - an uncursed ring of positive energy {unknown}
Wands
 y - a wand of confusion (21/48)
Scrolls
 j - 2 scrolls of identify
 p - a scroll of blinking {unknown}
 r - a scroll of remove curse {unknown}
 v - a scroll of enchant armour {unknown}
Potions
 g - 2 potions of lignification
 h - a potion of ambrosia
 n - a potion of might {unknown}
 q - 3 potions of flight {unknown}
 s - 2 potions of mutation {unknown}
 x - a potion of brilliance {unknown}
Comestibles
 f - 2 bread rations
 o - a royal jelly
 t - a meat ration


   Skills:
 + Level 3.9 Fighting
 + Level 4.3 Short Blades
 + Level 7.9 Slings
 + Level 4.3 Dodging
 - Level 1.6 Stealth


You had 6 spell levels left.
You didn't know any spells.

Dungeon Overview and Level Annotations

Branches:
Dungeon (3/15)

Altars:
Ashenzari
Dithmenos
Gozag
Yredelemnul

Shops:
D:3 *


Innate Abilities, Weirdness & Mutations

You are small and have problems with some larger weapons.
You are somewhat resistant to further mutation.


Message History

The ice devil is lightly wounded.
The kobold demonologist gestures wildly while chanting.
Firing (i - inventory. (,) - cycle):
e - 117 stones (quivered)
Press: ? - help, Shift-Dir - straight line, f/p - kobold demonologist
Aim: a kobold demonologist, wielding a dagger and wearing a robe (lightly wounded)
You shoot a stone. The stone barely misses the ice devil.
The stone closely misses the kobold demonologist.
Firing (i - inventory. (,) - cycle):
e - 116 stones (quivered)
Press: ? - help, Shift-Dir - straight line, f/p - kobold demonologist
Aim: a kobold demonologist, wielding a dagger and wearing a robe (lightly wounded)
You shoot a stone. The stone hits the kobold demonologist.
The kobold demonologist is lightly wounded.
The white imp gestures at you. The puff of frost hits you!
The ice devil hits you! The ice devil freezes you!!
* * * LOW HITPOINT WARNING * * *
Unknown command.
It was a potion of ambrosia.
You are confused.
You feel invigorated. The ice devil hits you!
You die...

### #.# #.###..# ## #.##
#......# .#
#..####################.##
.# ##)##....(........ #.#
.# #.##.############ #.#
.# #..#.#8P#5)(.(..# #.#
.# ##.#.#P.#≈≈≈≈≈≈≈# #.#
.# #...#..#..P≈≈..# ..# .#
##..s#..@4.≈⌠P..+ .# .#
#.....#..#.(≈≈≈..# .#
#.....#P.#5≈≈≈≈≈≈# .#
#.....#8P#((K5(((# .#
####..############ .#
#.....b........ ##
........$.......
....############. ....


You could see an ice devil, a kobold demonologist, a quasit, a white imp, a
shadow imp, a giant cockroach and a bat.

Vanquished Creatures
  Sigmund (D:2)
  4 orc priests (D:3)
  Crazy Yiuf (D:2)
  Jessica (D:2)
  Natasha (thrice) (D:2)
  5 adders
  A shadow imp (D:3)
  3 worms
  A dart slug (D:3)
  3 leopard geckos
  8 orcs (D:3)
  3 ball pythons (D:3)
  8 bats
  4 giant cockroaches
  10 goblins
  12 hobgoblins
  9 jackals
  4 kobolds
  2 quokkas (D:2)
  5 frilled lizards
  3 rats
91 creatures vanquished.

Notes
Turn   | Place    | Note
-------+----------+-------------------------------------------
     0 | D:1      | groucho the Halfling Hunter began the quest for the Orb.
     0 | D:1      | Reached XP level 1. HP: 14/14 MP: 1/1
   565 | D:1      | Reached XP level 2. HP: 19/19 MP: 2/2
   614 | D:1      | Reached skill level 1 in Short Blades
   731 | D:1      | Reached skill level 6 in Slings
   812 | D:1      | Reached XP level 3. HP: 23/24 MP: 3/3
  1114 | D:2      | Found a shattered altar of Ashenzari.
  1266 | D:2      | Noticed Natasha
  1294 | D:2      | Killed Natasha
  1294 | D:2      | Reached XP level 4. HP: 11/29 MP: 4/4
  1696 | D:2      | Noticed Sigmund
  1709 | D:2      | Killed Sigmund
  1709 | D:2      | Reached skill level 7 in Slings
  1709 | D:2      | Reached XP level 5. HP: 30/36 MP: 5/5
  1709 | D:2      | Reached XP level 6. HP: 34/41 MP: 6/6
  1923 | D:2      | Noticed Natasha
  1930 | D:2      | Killed Natasha
  2308 | D:2      | Noticed Natasha
  2315 | D:2      | Killed Natasha
  2621 | D:2      | Noticed Jessica
  2640 | D:2      | Killed Jessica
  2789 | D:2      | Found a runed door.
  2808 | D:2      | Noticed Crazy Yiuf
  2820 | D:2      | Killed Crazy Yiuf
  3204 | D:2      | Found a basalt altar of Yredelemnul.
  3210 | D:2      | Found a shadowy altar of Dithmenos.
  3304 | D:2      | Reached XP level 7. HP: 42/46 MP: 7/7
  3522 | D:3      | Found Gozag's Platinum Reserve.
  3639 | D:3      | Found an opulent altar of Gozag.
  3766 | D:3      | Found a transporter.
  3773 | D:3      | Noticed a kobold demonologist
  4238 | D:3      | Noticed an ice devil
  4241 | D:3      | Slain by an ice devil

Skill      XL: |  1  2  3  4  5  6  7 |
---------------+----------------------+-----
Short Blades   | 1 2 3 4 |  4.3
Slings         | 6 7 |  7.9
Fighting       | 2 3 |  3.9
Dodging        | 3 4 |  4.3
Stealth        | |  1.6

Action                   |  1- 3 |  4- 6 |  7- 9 || total
-------------------------+-------+-------+-------++-------
Melee: Short sword       |    69 |    92 |    36 ||   197
 Fire: Hunting sling     |    26 |     2 |   114 ||   142
Throw: Stone             |     1 |       |       ||     1
  Use: Potion            |       |     3 |     3 ||     6
       Scroll            |       |     2 |       ||     2
 Stab: Sleeping          |     2 |     2 |       ||     4
  Eat: Bread ration      |     1 |     1 |       ||     2
       Chunk             |       |     1 |       ||     1
Armor: Leather armour    |    14 |     9 |     2 ||    25
       Skin              |       |       |     4 ||     4
Dodge: Dodged            |    46 |    56 |    40 ||   142
